 Dungeon Crawl Stone Soup version 0.31-a0-986-g5e6e4ef867 (webtiles) character file.

Game seed: 776460554037976009

99827 mattiecakes the Gargoyle Catastrophe (level 16, 0/106 HPs)
             Began as a Gargoyle Fighter on Nov 15, 2023.
             Was an Elder of Qazlal.
             Killed by an exploding bloated husk (26 damage)
             ... on level 1 of the Swamp.
             The game lasted 01:01:05 (23189 turns).

mattiecakes the Gargoyle Catastrophe (GrFi)        Turns: 23189, Time: 01:01:06

Health: 0/106      AC: 45    Str: 34    XL:     16   Next: 26%
Magic:  28/28      EV:  8    Int: 15    God:    Qazlal [****..]
Gold:   1453       SH: 10    Dex:  9    Spells: 15/15 levels left

rFire   . . .        U - +7 broad axe "Qemoera" {pain, Will+}
rCold   + . .        (no shield)
rNeg    + . .        m - +8 plate armour of Ennui {rPois}
rPois   ∞            R - +2 helmet
rElec   +            q - +2 cloak {Will+}
rCorr   .            (no gloves)
SInv    .            t - +0 pair of boots
Will    +++..        d - amulet of Offyni {Reflect Int+6 SH+5} Stlth
                     g - ring of protection from cold
HPRegen 0.37/turn    a - +6 ring of strength
MPRegen 0.21/turn

%: repel missiles, reflection
@: flying, studying Axes
A: sickness immunity, AC +12, big wings, negative energy resistance 1,
electricity resistance, torment resistance 1, petrification resistance
a: Renounce Religion, Upheaval, Elemental Force


You were on level 1 of the Swamp.
You worshipped Qazlal.
Qazlal was greatly pleased with you.
You visited 5 branches of the dungeon, and saw 24 of its levels.

You collected 2792 gold pieces.
You spent 1339 gold pieces at shops.

Inventory:

Hand Weapons
 e - a +8 eveningstar of protection
 G - a +0 battleaxe
 U - the +7 broad axe "Qemoera" (weapon) {pain, Will+}
   (You acquired it on level 12 of the Dungeon)

   Will+:     It increases your willpower.
Missiles
 r - a throwing net
Armour
 m - the +8 plate armour of Ennui (worn) {rPois}
   (You acquired it on level 9 of the Dungeon)

   rPois:     It protects you from poison
 q - a +2 cloak of willpower (worn)
 t - a +0 pair of boots (worn)
 R - a +2 helmet (worn)
Jewellery
 a - a +6 ring of strength (right hand)
 d - the amulet of Offyni (around neck) {Reflect Int+6 SH+5}
   (You bought it in a shop on level 2 of the Orcish Mines)

   [amulet of reflection]

   Reflect:   It reflects blocked missile attacks.
   Int+6:     It affects your intelligence (+6).
   SH+5:      It affects your SH (+5).
 g - a ring of protection from cold (left hand)
Wands
 c - a wand of digging (3)
 v - a wand of polymorph (4)
 C - a wand of charming (8)
 H - a wand of quicksilver (6)
 J - a wand of flame (14)
 M - a wand of mindburst (5)
 N - a wand of iceblast (18)
Scrolls
 i - 2 scrolls of torment
 j - 6 scrolls of teleportation
 k - 5 scrolls of fog
 l - a scroll of butterflies
 n - 3 scrolls of amnesia
 o - 2 scrolls of revelation
 p - a scroll of fear
 s - a scroll of enchant weapon
 u - 3 scrolls of enchant armour
 y - 2 scrolls of identify
 I - a scroll of poison
 K - 2 scrolls of vulnerability
 L - a scroll of silence
 T - a scroll of brand weapon
Potions
 b - 11 potions of curing
 f - 3 potions of attraction
 h - 5 potions of lignification
 w - 4 potions of berserk rage
 x - 4 potions of enlightenment
 z - 5 potions of brilliance
 A - 5 potions of resistance
 B - 3 potions of might
 D - 3 potions of haste
 F - a potion of invisibility {unknown}
 O - 4 potions of magic
 S - 2 potions of mutation {unknown}


   Skills:
 + Level 14.0 Fighting
 + Level 14.2(14.8) Axes
 - Level 7.6(12.5) Maces & Flails
 + Level 14.0 Armour
 - Level 9.2 Shields
 + Level 16.3 Invocations


You had 15 spell levels left.
You didn't know any spells.
Your spell library contained the following spells:

 Spells                   Type           Power      Damage    Failure   Level
 Sandblast                Erth           0%         2d4       77%         1
 Blink                    Tloc           0%         N/A       88%         2
 Lesser Beckoning         Tloc           0%         N/A       88%         2
 Passwall                 Tmut/Erth      0%         N/A       88%         2
 Poisonous Vapours        Pois/Air       0%         N/A       88%         2
 Gell's Gravitas          Tloc           0%         N/A       98%         3
 Mephitic Cloud           Conj/Pois/Air  0%         N/A       98%         3
 Stone Arrow              Conj/Erth      0%         3d7       98%         3
 Teleport Other           Tloc           0%         N/A       98%         3
 Brom's Barrelling Bould  Conj/Erth      0%         2d3       100%        4
 Manifold Assault         Tloc           0%         N/A       100%        4
 Petrify                  Tmut/Erth      0%         N/A       100%        4
 Summon Ice Beast         Ice/Summ       0%         N/A       100%        4
 Freezing Cloud           Conj/Ice/Air   0%         6-21      100%        5
 Irradiate                Conj/Tmut      0%         3d11      100%        5
 Summon Mana Viper        Hex/Summ       0%         N/A       100%        5
 Conjure Ball Lightning   Conj/Air       0%         3x3d6     100%        6
 Dispersal                Tloc           0%         N/A       100%        6
 Monstrous Menagerie      Summ           0%         N/A       100%        7
 Discord                  Hex            0%         N/A       100%        8
 Disjunction              Tloc           0%         N/A       100%        8
 Sublimation of Blood     Necr           Unusable   N/A       N/A         2

Dungeon Overview and Level Annotations

Branches:
Dungeon (14/15)            Temple (1/1) D:7            Lair (5/5) D:11
  Swamp (2/4) Lair:3       Spider (0/4) Lair:2        Slime (0/5) Lair:4
    Orc (2/2) D:9             Elf (0/3) Orc:2        Vaults (0/5) D:14

Altars:
Ashenzari
Cheibriados
Dithmenos
Elyvilon
Fedhas
Gozag
Hepliaklqana
Kikubaaqudgha
Makhleb
Nemelex Xobeh
Okawaru
Qazlal
Ru
Sif Muna
Trog
Uskayaw
Vehumet
Wu Jian
Xom
Yredelemnul
Zin
The Shining One
Jiyva

Shops:
D:3 [   D:4 [   D:5 :   D:6 *   Orc:2 ?[!=

Portals:
Pandemonium: Orc:2

Annotations:
D:14 3 runed translucent doors, exclusions: obsidian statue and orange crystal statue, Ciezan's ghost, journeyman TrGl
Swamp:1 Roxanne


Innate Abilities, Weirdness & Mutations

You are immune to sickness and miasma.
Your stone body is resilient. (AC +12)
You are immune to poison.
Your large and strong wings let you fly.
You resist negative energy. (rN+)
You are resistant to electric shocks. (rElec)
You are resistant to unholy torment.
You are immune to petrification.


Message History

The bunyip is heavily wounded.
You slice the bunyip!!
The bunyip is severely wounded.
You closely miss the bunyip.
The bunyip is severely wounded.
The bunyip howls a warning cry!
You completely miss the bunyip.
The bunyip is severely wounded.
You block the bunyip's attack. The bunyip claws you!
You block the bunyip's attack.
You hit the bunyip.
The bunyip is severely wounded.
You slice the bunyip!!
You kill the bunyip!
Qazlal accepts your kill.
A bunyip comes into view.
The bunyip gives a hideous shriek!
You see here a bunyip corpse.
You hear a hideous shriek!
There is a stone staircase leading up, spattered with blood here.
Things that are here:
a +0 dagger; a +0 robe; a spriggan corpse A bunyip comes into view.
You hear a chilling moan.
There is a stone staircase leading up, spattered with blood here.
Things that are here:
a +0 dagger; a +0 robe; a spriggan corpse You slice the bunyip!!
The bunyip is moderately wounded.
The bunyip claws you but does no damage.
The bunyip claws you!
* * * LOW HITPOINT WARNING * * *
The bunyip claws you.
* * * LOW HITPOINT WARNING * * *
Unknown command.
You fly upwards.
Level annotation: Roxanne The bloated husk explodes!
The blast of putrescent gases engulfs you!!
You die...

♣♣♣ ..~♣ ♣♣♣♣♣♣♣♣♣♣♣
~~.~♣♣♣..~~.....♣♣
~~~.~♣..~≈~≈~.~..♣
♣..~♣~.~~≈≈≈≈≈≈~.~♣
......~~≈☼≈≈≈≈≈~..♣
~.~~~~~.≈≈≈~..≈≈≈..♣♣♣
♣.~~~~~~~≈≈.@~≈≈≈~..~♣♣
..~~~~.~≈≈§~.~≈≈≈.~~..♣
.~~~~~~.~≈☼~≈§≈≈~.~..~.♣
~...~~..~≈~≈≈≈≈≈~..♣♣~.♣
...♣.....~~~≈≈~~.~~.♣....
§
♣....~...~..~..♣...♣....♣
~.
♣..~~~~~...~...~.......♣♣
~~~
♣.~§~>~~~~..~♣~.~~~...♣♣
.~~ ♣♣~~~..>.♣♣♣♣♣♣...
8..


There were no monsters in sight!

Vanquished Creatures
  An eleionoma (Lair:3)
  3 bunyips
  Josephine (Lair:4)
  A hydra (Lair:3)
  Erolcha (D:10)
  2 alligators (Swamp:2)
  3 boulder beetles
  2 demonspawn (Orc:2)
  6 two-headed ogres
  A catoblepas (D:13)
  2 tengu warriors (D:13)
  4 orc high priests (Orc:2)
  A skeletal warrior (D:11)
  A goliath frog (Lair:5)
  6 skysharks
  A pharaoh ant (Lair:2)
  2 spriggan druids (Swamp:2)
  2 swamp dragons
  5 orc knights
  2 necromancers (D:14)
  9 orc sorcerers
  3 ugly things
  4 cyclopes
  2 rust devils (Orc:2)
  4 elephants
  A manticore (D:12)
  5 black mambas
  3 gargoyles
  3 torpor snails
  28 cane toads
  3 unseen horrors (D:11)
  An ice devil (Orc:2)
  Maggie (D:6)
  15 komodo dragons
  A rime drake (Lair:5)
  A kobold demonologist (D:11)
  8 trolls
  3 polar bears
  4 tyrant leeches
  2 hornets (Swamp:2)
  45 blink frogs
  16 dream sheep
  11 slime creatures
  A centaur simulacrum (D:14)
  5 spriggans (Swamp:2)
  A vampire (D:11)
  A shadow (D:11)
  5 wyverns
  42 yaks
  5 wraiths
  A redback (Lair:2)
  A neqoxec (Orc:2)
  5 basilisks
  28 vampire mosquitoes
  3 steam dragons
  2 wargs (Orc:1)
  3 swamp worms
  An acid dragon (D:11)
  16 water moccasins
  Duvessa (D:6)
  3 swamp drakes
  23 orc warriors
  2 ice beasts
  2 sky beasts (D:7)
  A black bear (shapeshifter) (D:14)
  2 black bears (D:11)
  8 ogres
  6 centaurs
  26 wolves
  A phantom (D:6)
  4 scorpions
  7 kobold brigands
  A gnoll sergeant (D:6)
  13 bullfrogs
  Dowan (D:6)
  3 killer bees (D:9)
  3 howler monkeys (D:10)
  An electric eel (Lair:1)
  19 orc priests
  15 jellies
  A gnoll bouda (Lair:1)
  Crazy Yiuf (D:2)
  5 hounds
  A sleepcap (D:5)
  12 iguanas
  Natasha (thrice) (D:2)
  9 orc wizards
  Robin (D:3)
  11 gnolls
  5 adders
  2 ufetubi (D:7)
  2 worms
  4 dart slugs
  57 orcs
  5 ball pythons
  9 bats
  7 endoplasms
  5 giant cockroaches
  8 goblins
  4 hobgoblins
  A quokka (D:1)
  20 frilled lizards
  12 kobolds
  2 rats (D:1)
669 creatures vanquished.

Vanquished Creatures (collateral kills)
  4 hydras
  An alligator (Swamp:1)
  A goliath frog (Swamp:2)
  An orc knight (Orc:1)
  A troll (Orc:2)
  A tyrant leech (Swamp:2)
  A warg (Orc:1)
  4 orc warriors (Orc:2)
  4 wolves
  An ogre (Orc:1)
  An orc priest (Orc:1)
  9 orcs
29 creatures vanquished.

Vanquished Creatures (others)
  A bloated husk (Swamp:1)
1 creature vanquished.

Grand Total: 699 creatures vanquished

Notes
Turn   | Place    | Note
-------+----------+-------------------------------------------
     0 | D:1      | mattiecakes the Gargoyle Fighter began the quest for the
                  | Orb.
     0 | D:1      | Reached XP level 1. HP: 14/14 MP: 1/1
   111 | D:1      | Reached XP level 2. HP: 19/19 MP: 2/2
   480 | D:1      | Reached XP level 3. HP: 23/23 MP: 3/3
   809 | D:2      | Identified a scroll of acquirement
   810 | D:2      | Acquired a +7 eveningstar of protection
   949 | D:2      | Noticed Natasha
   958 | D:2      | Killed Natasha
   959 | D:2      | Reached XP level 4. HP: 25/29 MP: 4/4
   981 | D:2      | Identified the +2 robe "Kidow" {Int+4}
  1349 | D:2      | Reached skill level 1 in Maces & Flails
  1382 | D:2      | Noticed Natasha
  1388 | D:2      | Killed Natasha
  1540 | D:2      | Noticed Natasha
  1548 | D:2      | Killed Natasha
  1549 | D:2      | Reached XP level 5. HP: 24/33 MP: 5/5
  1601 | D:2      | Found a runed translucent door.
  1602 | D:2      | Noticed Crazy Yiuf
  1607 | D:2      | Killed Crazy Yiuf
  2142 | D:3      | Found Miudoh's Armour Boutique.
  2145 | D:3      | Bought a +0 pair of boots for 54 gold pieces
  2308 | D:3      | Noticed Robin
  2316 | D:3      | Killed Robin
  2573 | D:3      | Reached XP level 6. HP: 30/39 MP: 6/6
  2962 | D:4      | Noticed an orc warrior
  2966 | D:4      | Killed an orc warrior
  2969 | D:4      | Reached skill level 5 in Shields
  2974 | D:4      | Reached skill level 5 in Armour
  2995 | D:4      | Reached skill level 5 in Fighting
  3047 | D:4      | Found Mofiovib's Antique Armour Emporium.
  3405 | D:5      | Entered Level 5 of the Dungeon
  3416 | D:5      | Reached XP level 7. HP: 31/44 MP: 7/7
  3641 | D:5      | Noticed a troll
  3651 | D:5      | Killed a troll
  3652 | D:5      | Reached XP level 8. HP: 51/51 MP: 8/8
  3778 | D:5      | You fall into a shaft and drop 1 floor!
  3970 | D:5      | Found Haekitwoysu's Tremendous Tomes.
  4334 | D:6      | Found Jugeism's General Store.
  4473 | D:6      | Noticed Maggie
  4482 | D:6      | Killed Maggie
  4483 | D:6      | Reached skill level 5 in Maces & Flails
  4483 | D:6      | Reached XP level 9. HP: 56/56 MP: 9/9
  4641 | D:6      | Noticed Duvessa
  4641 | D:6      | Noticed Dowan
  4651 | D:6      | Killed Duvessa
  4660 | D:6      | Killed Dowan
  5509 | D:7      | Found a staircase to the Ecumenical Temple.
  5952 | Temple   | Entered the Ecumenical Temple
  5974 | Temple   | Became a worshipper of Qazlal Stormbringer
  6488 | D:8      | Reached XP level 10. HP: 64/64 MP: 10/10
  6508 | D:8      | Found an iron altar of Okawaru.
  6608 | D:8      | Found a hazy altar of Hepliaklqana.
  6609 | D:8      | Found a sacrificial altar of Ru.
  7106 | D:9      | Found a staircase to the Orcish Mines.
  7186 | D:9      | Found a sparkling altar of Nemelex Xobeh.
  7186 | D:9      | Found a glowing golden altar of the Shining One.
  7186 | D:9      | Found a broken altar of Ashenzari.
  7186 | D:9      | Found a white marble altar of Elyvilon.
  7522 | D:9      | Reached * piety under Qazlal
  7777 | D:10     | Entered Level 10 of the Dungeon
  7818 | D:10     | Reached skill level 1 in Invocations
  7821 | D:10     | Reached skill level 2 in Invocations
  7826 | D:10     | Reached skill level 3 in Invocations
  7834 | D:10     | Reached skill level 4 in Invocations
  7997 | D:10     | Found a bloodstained altar of Trog.
  8101 | D:10     | Reached XP level 11. HP: 70/71 MP: 14/14
  8279 | D:10     | Noticed Erolcha
  8292 | D:10     | Killed Erolcha
  8293 | D:10     | Reached skill level 6 in Invocations
  8339 | D:10     | Reached skill level 7 in Invocations
  8484 | D:10     | Acquired the +8 executioner's axe "Joxa" {heavy, Str+4}
  8813 | D:11     | Found a staircase to the Lair.
  8832 | D:11     | Reached skill level 8 in Invocations
  8868 | D:11     | Reached ** piety under Qazlal
  9283 | D:11     | Reached skill level 9 in Invocations
  9344 | D:11     | Noticed a brown ugly thing
  9351 | D:11     | Killed a brown ugly thing
  9352 | D:11     | Reached skill level 5 in Axes
  9421 | D:11     | Noticed a two-headed ogre
  9424 | D:11     | Killed a two-headed ogre
  9426 | D:11     | Noticed a cyclops
  9428 | D:11     | Killed a cyclops
  9443 | D:11     | Reached XP level 12. HP: 45/76 MP: 19/19
  9603 | D:11     | Reached skill level 10 in Invocations
  9604 | D:11     | Identified the amulet of Daxaet {Faith Drain rPois rCorr
                  | Stlth+}
 10387 | Lair:1   | Entered Level 1 of the Lair of Beasts
 10573 | Lair:1   | Reached skill level 11 in Invocations
 11407 | Lair:1   | Reached *** piety under Qazlal
 11646 | Lair:1   | Reached skill level 12 in Invocations
 11906 | Lair:2   | Reached **** piety under Qazlal
 12016 | Lair:2   | Noticed a skyshark
 12024 | Lair:2   | Killed a skyshark
 12025 | Lair:2   | Reached XP level 13. HP: 68/80 MP: 22/22
 12267 | Lair:2   | Reached skill level 13 in Invocations
 12595 | Lair:2   | Found a hole to the Spider Nest.
 12887 | Lair:2   | Reached skill level 10 in Fighting
 12920 | Lair:2   | Reached skill level 10 in Armour
 13295 | Lair:3   | Found a staircase to the Swamp.
 13295 | Lair:3   | Noticed an eleionoma
 13298 | Lair:3   | Killed an eleionoma
 13401 | Lair:3   | Reached skill level 10 in Axes
 14354 | Lair:4   | Noticed Josephine
 14359 | Lair:4   | Killed Josephine
 14362 | Lair:4   | Gained mutation: Your large and strong wings let you fly.
                  | [Gargoyle growth]
 14362 | Lair:4   | Reached XP level 14. HP: 75/88 MP: 24/24
 14426 | Lair:4   | Found a staircase to the Slime Pits.
 14446 | Lair:4   | Found a viscous altar of Jiyva.
 14475 | Lair:4   | Reached ***** piety under Qazlal
 14688 | Lair:4   | Reached skill level 14 in Invocations
 15299 | Lair:5   | Entered Level 5 of the Lair of Beasts
 16176 | Lair:5   | Acquired a manual of Axes
 16796 | Lair:5   | Reached XP level 15. HP: 97/97 MP: 26/26
 16827 | Lair:5   | Reached skill level 15 in Invocations
 16900 | Lair:5   | Identified the +5 scale mail of Fun {rElec rN+ Str+4
                  | Slay+3}
 17019 | Lair:5   | Identified the +4 broad axe of Innocence {heavy, rN++}
 17030 | Lair:5   | Identified the staff of Circularity {rPois Int+6 Poison}
 17490 | D:12     | Acquired the +7 broad axe "Qemoera" {pain, Will+}
 18008 | D:12     | Found an opulent altar of Gozag.
 18500 | Orc:1    | Entered Level 1 of the Orcish Mines
 18514 | Orc:1    | Reached ****** piety under Qazlal
 18581 | D:9      | Acquired 705 gold pieces
 18582 | D:9      | Acquired the +8 plate armour of Ennui {rPois}
 18969 | Orc:2    | Entered Level 2 of the Orcish Mines
 19699 | Orc:2    | Found a staircase to the Elven Halls.
 19964 | Orc:2    | Found Efym's Magic Scroll Shoppe.
 19965 | Orc:2    | Found Daenou Bodu's Distillery.
 20071 | Orc:2    | Bought a potion of berserk rage for 75 gold pieces
 20071 | Orc:2    | Bought a potion of curing for 45 gold pieces
 20071 | Orc:2    | Bought a potion of haste for 150 gold pieces
 20071 | Orc:2    | Bought a potion of curing for 45 gold pieces
 20071 | Orc:2    | Bought a potion of curing for 45 gold pieces
 20071 | Orc:2    | Bought a potion of heal wounds for 75 gold pieces
 20071 | Orc:2    | Bought a potion of heal wounds for 75 gold pieces
 21176 | Orc:2    | Found Esoiqu Qola's Antique Armour Boutique.
 21176 | Orc:2    | Found Yfokh's Jewellery Shop.
 21177 | Orc:2    | Found a one-way gate leading to the halls of Pandemonium.
 21199 | Orc:2    | Bought the amulet of Offyni {Reflect Int+6 SH+5} for 545
                  | gold pieces
 21213 | Orc:2    | Bought a bloodstained scarf for 230 gold pieces
 21213 | Orc:2    | Identified the scarf of Ethics {shadows, Dex+3 Stlth+} (You
                  | bought it in a shop on level 2 of the Orcish Mines)
 22215 | D:14     | Found a runed translucent gate.
 22216 | D:14     | Found a runed translucent gate.
 22216 | D:14     | Found a runed translucent gate.
 22216 | D:14     | Found an opulent altar of Gozag.
 22234 | D:14     | Noticed Ciezan's ghost (journeyman TrGl)
 22243 | D:14     | Found a gate to the Vaults.
 22249 | D:14     | Reached skill level 16 in Invocations
 22693 | Swamp:1  | Entered Level 1 of the Swamp
 22703 | Swamp:1  | Reached XP level 16. HP: 105/105 MP: 28/28
 22830 | Swamp:1  | Noticed Roxanne
 23189 | Swamp:1  | Killed by an exploding bloated husk

Illustrated notes

Levels and vault maps discovered:
D:1:      dpeg_arrival_tiny_f, layout_rooms, serial_bayou, serial_bayou_ford_a,
          serial_bayou_crossing, serial_bayou_lake_a, serial_bayou_pond_d
D:2:      layout_basic, uniq_crazy_yiuf_cottage, uniq_natasha
D:3:      layout_basic, serial_shops, nicolae_shop_real_fake_doors,
          chequers_mini_garden, chequers_hall_statues_corner_a, uniq_robin
D:4:      nicolae_cairo_tiling_large_dashed, layout_gridville, serial_shops,
          shop, guppyfry_early_orc_mine
D:5:      kb_forest_paths, layout_basic, nicolae_shop_i_like_big_books,
          item_on_display_a
D:6:      layout_basic, serial_shops, nicolae_shop_rolling_square, uniq_duvessa,
          uniq_maggie
D:7:      layout_loops_ring, minmay_temple_entry_enclosed_plants
D:8:      layout_loops_ring, minitemple, corner_web_ring
D:9:      layout_grid_maze, chequers_temple_overflow_statue_of_worship,
          orc_0_dummy
D:10:     layout_gridville, mainiacjoe_overflow_alcove_2, uniq_erolcha
D:11:     kennysheep_windowed_halls, layout_loops_ring, david_lair_generic,
          st_stairs_14
D:12:     layout_rooms, grunt_gozag_statues
D:13:     layout_basic
D:14:     layout_loops_ring, david_vaults_1, fountainhead, ebering_ghost_gozag,
          minmay_statue_bubble
Temple:   nicolae_temple_bog_church
Lair:1:   lemuel_reptile_caves, layout_loops_ring, dreamdust_gnoll_shepherd,
          grunt_megastairs_2
Lair:2:   layout_regular_city, nicolae_spider_entry_lesser_pyramids
Lair:3:   layout_gridlike, alex1729_swamp_entry_worm_eleionoma,
          lemuel_another_geyser
Lair:4:   layout_regular_city, minmay_slime_entry_jelly_boxes,
          grunt_megastairs_1, uniq_josephine
Lair:5:   minmay_lair_end_frog_pond, layout_regular_city, serial_bayou_shore_b,
          grunt_megastairs_5
Swamp:1:  layout_basic_swamp, nicolae_swamp_triple_paths, swamp_pool_1_2,
          nicolae_swamp_dense_foliage, infiniplex_staircase_pool_2, uniq_roxanne
Swamp:2:  layout_basic_swamp, evilmike_swamp_ruin_rubble_1
Orc:1:    layout_diamond_mine
Orc:2:    pf_orc_diabolical, layout_caves

Skill      XL: |  1  2  3  4  5  6  7  8  9 10 11 12 13 14 15 16 |
---------------+-------------------------------------------------+-----
Axes           | 2 5 8 10 11 13 14 | 14.2
Shields        | 4 5 7 8 9 |  9.2
Maces & Flails | 1 2 3 5 6 7 |  7.6
Fighting       | 4 5 6 8 9 10 12 13 14 | 14.0
Armour         | 4 5 6 8 9 10 12 13 14 | 14.0
Invocations    | 4 9 12 13 14 16 | 16.3

Action                     |  1- 3 |  4- 6 |  7- 9 | 10-12 | 13-15 | 16-18 || total
---------------------------+-------+-------+-------+-------+-------+-------++-------
  Melee: War axe           |    70 |       |       |       |       |       ||    70
         Eveningstar       |    19 |    92 |   236 |   149 |     7 |       ||   503
         Executioner's axe |       |       |       |   243 |   304 |       ||   547
         Broad axe         |       |       |       |       |   443 |    70 ||   513
         Punch             |       |       |       |       |     4 |     1 ||     5
 Invoke: Upheaval          |       |       |       |     1 |     3 |       ||     4
         Elemental Force   |       |       |       |       |     9 |     2 ||    11
    Use: Scroll            |     5 |     4 |    10 |     8 |    11 |     1 ||    39
         Potion            |       |     1 |     1 |     3 |     6 |       ||    11
   Stab: Paralysed         |       |       |       |       |     3 |       ||     3
         Distracted        |       |       |       |       |     1 |       ||     1
 Armour: Scale mail        |    66 |    58 |       |       |       |       ||   124
         Plate armour      |       |    10 |   206 |   686 |   942 |   120 ||  1964
         Skin              |       |       |    21 |       |       |       ||    21
  Dodge: Dodged            |    54 |    40 |    76 |   220 |   311 |    34 ||   735
         Repelled          |       |       |       |       |       |     1 ||     1
  Block: Buckler           |    21 |    23 |    59 |    63 |       |       ||   166
         Other             |       |       |       |    49 |   333 |    56 ||   438
         Reflection        |       |       |       |       |     2 |     1 ||     3

Table legend: (Time is in decaauts)
 A = Elapsed time spent in this place.
 B = Non-inter-level travel time spent in this place.
 C = Inter-level travel time spent in this place.
 D = Time resting spent in this place.
 E = Time spent auto-exploring this place.
 F = Levels seen in this place.
 G = Mean time per level.
                   A        B        C        D        E       F      G
               +--------+--------+--------+--------+--------+-----+--------+
         Total |  24037 |  23010 |   1027 |   4278 |  14244 |  24 | 1001.5 |
       Dungeon |  13028 |  12326 |    702 |   1342 |   8791 |  14 |  930.6 |
        Temple |     41 |     22 |     19 |      0 |      0 |   1 |   41.0 |
          Lair |   7618 |   7410 |    208 |   1721 |   4063 |   5 | 1523.6 |
         Swamp |    486 |    486 |      0 |    240 |    106 |   2 |  243.0 |
  Orcish Mines |   2862 |   2766 |     96 |    975 |   1283 |   2 | 1431.0 |
               +--------+--------+--------+--------+--------+-----+--------+

Top non-repeatable levels by time:
   Orc:2: 2096 daAuts
    D:11: 1916 daAuts
  Lair:4: 1775 daAuts
  Lair:1: 1674 daAuts
  Lair:2: 1564 daAuts
  Lair:5: 1542 daAuts
  Lair:3: 1062 daAuts
     D:9: 1054 daAuts
    D:13: 1027 daAuts
     D:7: 1025 daAuts
     D:2: 1019 daAuts
     D:3: 957 daAuts
     D:5: 918 daAuts
    D:12: 873 daAuts
    D:10: 868 daAuts
